 Dungeon Crawl Stone Soup version 0.20-a0-299-gec7c366 (webtiles) character file.

3882 HitlerSphincter the Martial Artist (level 10, -3/68 HPs)
             Began as an Octopode Monk on Dec 15, 2016.
             Was a Believer of Trog.
             Slain by Psyche
             ... wielding a +2 dagger of chaos
              (5 damage)
             ... on level 8 of the Dungeon.
             The game lasted 00:30:14 (9631 turns).

HitlerSphincter the Martial Artist (Octopode Monk)  Turns: 9631, Time: 00:30:15

Health: -3/68      AC:  1    Str: 12    XL:     10   Next: 19%
Magic:  10/10      EV: 18    Int: 15    God:    Trog [**....]
Gold:   273        SH:  0    Dex: 20    Spells: 9/9 levels left

rFire  . . .     SeeInvis .       - Unarmed
rCold  . . .     Gourm    +     (no shield)
rNeg   . . .     Faith    .     (helmet restricted)
rPois  +         Spirit   .     d - amulet of the gourmand
rElec  .         Reflect  .     i - +4 ring of dexterity
rCorr  .         Harm     .     c - +2 ring of intelligence
MR     .....                    r - ring of poison resistance
Stlth  +++++.....               (no ring)
                                (no ring)
                                (no ring)
                                (no ring)
                                (no ring)

@: lethally poisoned (-3 -> -7), very slightly contaminated, slowed, invisible,
very slow
A: almost no armour, stealthy swim, amphibious, 8 rings, constrict 8, camouflage
1, gelatinous body 1
a: Berserk, Trog's Hand, Burn Spellbooks, Renounce Religion


You were on level 8 of the Dungeon.
You worshipped Trog.
Trog was pleased with you.
You were completely stuffed.

You visited 2 branches of the dungeon, and saw 9 of its levels.

You collected 273 gold pieces.

Inventory:

Armour
 k - a +0 hat
Jewellery
 c - a +2 ring of intelligence (right tentacle)
 d - an amulet of the gourmand (around mantle)
 i - a +4 ring of dexterity (left tentacle)
 r - a ring of poison resistance (on tentacle)
Wands
 j - a wand of digging (14/24)
 u - a wand of digging (5/24)
 v - a wand of iceblast (2/15)
Scrolls
 h - a scroll of recharging
 m - 4 scrolls of identify
 p - 2 scrolls of remove curse
 s - 3 scrolls of magic mapping
Potions
 e - a potion of flight
 g - a potion of magic
Books
 l - a book of Conjurations

   Spells                             Type                      Level
   a - Magic Dart                     Conjuration                  1
   b - Searing Ray                    Conjuration                  2
   c - Dazzling Spray                 Conjuration/Hexes            3
   d - Fulminant Prism                Conjuration/Hexes            4
   e - Iskenderun's Mystic Blast      Conjuration                  4
   f - Iskenderun's Battlesphere      Conjuration/Charms           5
   Trog disapproves of the use of such an item.
Comestibles
 b - 2 meat rations
 f - a beef jerky
 o - 2 fruits


   Skills:
 * Level 5.7 Fighting
 * Level 6.3 Dodging
 + Level 9.0 Stealth
 * Level 11.1 Unarmed Combat


You had 9 spell levels left.
You didn't know any spells.

Dungeon Overview and Level Annotations

Branches:
Dungeon (8/15)             Temple (1/1) D:7
   Lair: D:8-11

Altars:
Ashenzari
Cheibriados
Dithmenos
Elyvilon
Fedhas
Gozag
Hepliaklqana
Kikubaaqudgha
Makhleb
Nemelex Xobeh
Okawaru
Qazlal
Ru
Sif Muna
Trog
Uskayaw
Vehumet
Yredelemnul
Zin
The Shining One

Shops:
D:6 [

Annotations:
D:8 Psyche


Innate Abilities, Weirdness & Mutations

You cannot wear most types of armour.
You are very stealthy in the water. (Stealth+)
You are amphibious.
You can wear up to eight rings at the same time.
You can use your tentacles to constrict eight enemies at once.
Your skin changes colour to match your surroundings (Stealth+).
Your rubbery body absorbs attacks. (AC +1, EV +1)


Message History

You constrict Psyche.
* * * LOW HITPOINT WARNING * * *
You feel sick. Psyche hits you with a dagger of chaos.
* * * LOW HITPOINT WARNING * * *
You feel yourself slow down. The quokka barely misses you.
You catch the helpless Psyche completely off-guard!
You tentacle-slap Psyche. Your squeeze misses Psyche.
Psyche is severely wounded.
You constrict Psyche.
* * * LOW HITPOINT WARNING * * *
You feel sick. Psyche gestures at you while chanting.
The puff of frost misses you. Psyche barely misses you. The quokka misses you.
Psyche looks braver for a moment.
You completely miss Psyche. You tentacle-slap Psyche.
Psyche is severely wounded.
You constrict Psyche.
Psyche points at you and mumbles some strange words.
The puff of frost misses you. Psyche hits you with a dagger of chaos.
You die...

.....#.........#
.....#.........#
.....#.........#
.....#.....<...#
.....#.........#
.....#...###...# #
...###...###..?#####.##..
...# ..........r@.......
#### .........@.?......
..%...............
..................
..................
..................
#####+#######.##.. ## ..


You could see Psyche and a quokka.

Vanquished Creatures
  Pikel (D:7)
  2 hippogriffs (D:7)
  A hungry ghost (D:7)
  Duvessa (D:7)
  3 slaves (D:7)
  3 phantoms
  An ice beast (D:7)
  2 black bears (D:7)
  4 ogres
  A centaur (D:6)
  A big kobold (D:6)
  3 elf zombies (D:6)
  A bullfrog (D:6)
  An elf skeleton (D:6)
  Dowan (D:7)
  2 scorpions
  5 howler monkeys
  4 electric eels (D:7)
  A jelly (D:6)
  2 crimson imps
  A bullfrog zombie (D:6)
  2 human zombies (D:6)
  A bullfrog skeleton (D:7)
  An orc priest (D:6)
  2 hounds
  2 orc wizards
  Crazy Yiuf (D:4)
  A centaur skeleton (D:7)
  Natasha (thrice) (D:4)
  4 human skeletons (D:6)
  4 worker ants
  A hound zombie (D:7)
  A hound skeleton (D:5)
  2 worker ant zombies
  13 adders
  An adder zombie (D:6)
  3 dart slugs
  6 leopard geckos
  15 orcs
  3 ball pythons
  5 bats
  6 giant cockroaches
  7 goblins
  6 hobgoblins
  3 jackals (D:3)
  5 quokkas
  3 frilled lizards
  27 kobolds
  A leopard gecko zombie (D:7)
  An orc skeleton (D:6)
  11 rats
  A bush (D:4)
  5 plants
188 creatures vanquished.

Vanquished Creatures (others)
  A howler monkey (D:7)
  An adder skeleton (D:7)
  An orc (D:7)
  2 plants (D:7)
5 creatures vanquished.

Grand Total: 193 creatures vanquished

Notes
Turn   | Place    | Note
-------+----------+-------------------------------------------
     0 | D:1      | HitlerSphincter the Octopode Monk began the quest for the Orb.
     0 | D:1      | Reached XP level 1. HP: 16/16 MP: 1/1
   211 | D:1      | Reached XP level 2. HP: 21/21 MP: 2/2
   660 | D:2      | Reached XP level 3. HP: 26/26 MP: 3/3
  1245 | D:2      | Found a deep blue altar of Sif Muna.
  1266 | D:2      | Reached XP level 4. HP: 18/31 MP: 4/4
  1845 | D:3      | Noticed a phantom
  2741 | D:3      | Reached skill level 5 in Stealth
  2761 | D:3      | Reached XP level 5. HP: 36/36 MP: 5/5
  2854 | D:3      | Killed a phantom
  2854 | D:3      | Reached skill level 4 in Unarmed Combat
  2880 | D:3      | Found a hazy altar of Hepliaklqana.
  3085 | D:4      | Noticed Natasha
  3090 | D:4      | Killed Natasha
  3090 | D:4      | Reached XP level 6. HP: 37/42 MP: 6/6
  3471 | D:4      | Noticed a phantom
  3473 | D:4      | Reached skill level 5 in Unarmed Combat
  3660 | D:4      | Found a radiant altar of Vehumet.
  3673 | D:4      | Noticed Natasha
  3678 | D:4      | Killed Natasha
  3715 | D:4      | Noticed Natasha
  3718 | D:4      | Killed a phantom
  3718 | D:4      | Reached XP level 7. HP: 45/47 MP: 7/7
  3722 | D:4      | Killed Natasha
  4194 | D:4      | Found a runed door.
  4198 | D:4      | Noticed Crazy Yiuf
  4203 | D:4      | Killed Crazy Yiuf
  4203 | D:4      | Reached skill level 6 in Unarmed Combat
  4259 | D:5      | Entered Level 5 of the Dungeon
  4869 | D:5      | Reached XP level 8. HP: 45/54 MP: 8/8
  5037 | D:6      | Reached skill level 7 in Unarmed Combat
  5112 | D:6      | Got a smoking dagger
  5113 | D:6      | Identified the cursed +1 dagger "Ystaowa" {pierce, rPois rF+++ Str-2 Dex-2} (You found it on level 6 of the Dungeon)
  5373 | D:6      | Found a basalt altar of Yredelemnul.
  5872 | D:6      | Reached skill level 5 in Dodging
  6213 | D:6      | Found Gaetz's Armour Shop.
  6391 | D:6      | Reached skill level 8 in Unarmed Combat
  6558 | D:6      | Reached XP level 9. HP: 56/60 MP: 9/9
  6919 | D:6      | Reached skill level 9 in Unarmed Combat
  7227 | D:7      | Reached skill level 5 in Fighting
  7331 | D:7      | Found a staircase to the Ecumenical Temple.
  7342 | Temple   | Entered the Ecumenical Temple
  7529 | Temple   | Became a worshipper of Trog the Wrathful
  7529 | Temple   | Reached * piety under Trog
  7529 | Temple   | Reached ** piety under Trog
  7756 | D:7      | Noticed Pikel
  7980 | D:7      | Killed Pikel
  8103 | D:7      | Reached skill level 10 in Unarmed Combat
  8746 | D:7      | Noticed Dowan
  8747 | D:7      | Noticed Duvessa
  8751 | D:7      | Killed Dowan
  8758 | D:7      | Killed Duvessa
  9123 | D:7      | Reached XP level 10. HP: 58/67 MP: 10/10
  9344 | D:7      | Reached skill level 11 in Unarmed Combat
  9609 | D:8      | Noticed Psyche
  9613 | D:8      | Paralysed by Psyche for 5 turns
  9626 | D:8      | Paralysed by Psyche for 2 turns
  9629 | D:8      | HP: 3/68 [Psyche/dagger of chaos (2)]
  9631 | D:8      | Slain by Psyche

Vault maps used:
D:1:      lemuel_arrival_river_bridge
D:2:      led_sif_pool, first_bread, serial_bayou_pond_e
D:3:      old_standard_altar
D:4:      nicolae_overflow_crystal_walls, uniq_crazy_yiuf_cottage, uniq_natasha
D:6:      kennysheep_kobold_camp, marbit_many_paths, serial_shops,
          nicolae_shop_stone, nicolae_ossuary_entry_catacombs,
          nicolae_zen_rock_garden, nrook_loot_triangle
D:7:      serial_bayou, serial_bayou_lagoon_b, serial_bayou_pond_e,
          serial_bayou_pond_a, serial_bayou_crossing, uniq_duvessa, uniq_pikel
D:8:      nicolae_overflow_hidden_temple, uniq_psyche
Temple:   regret_index_temple_sphere_string

Skill      XL: |  1  2  3  4  5  6  7  8  9 10 |
---------------+-------------------------------+-----
Stealth        | 3 4 5 6 7 8 9 |  9.0
Unarmed Combat | 4 5 6 8 10 11 | 11.1
Dodging        | 4 5 6 |  6.3
Fighting       | 4 5 |  5.7

Action                   |  1- 3 |  4- 6 |  7- 9 | 10-12 || total
-------------------------+-------+-------+-------+-------++-------
Melee: Unarmed           |    65 |   134 |   449 |    63 ||   711
       Constrict         |    16 |    30 |    63 |    11 ||   120
       Tentacles         |    11 |    28 |   123 |    19 ||   181
       Punch             |     2 |     7 |    40 |     8 ||    57
Invok: Berserk           |       |       |     2 |       ||     2
Evoke: Wand              |       |       |     2 |     2 ||     4
  Use: Scroll            |     5 |     5 |     7 |       ||    17
       Potion            |     4 |     7 |     5 |       ||    16
 Stab: Sleeping          |    13 |    12 |    27 |     1 ||    53
       Distracted        |       |     1 |     2 |     1 ||     4
       Invisible         |       |     3 |       |     2 ||     5
  Eat: Bread ration      |     1 |     1 |     4 |     1 ||     7
       Beef jerky        |       |       |     1 |       ||     1
       Pizza             |       |       |     1 |       ||     1
       Meat ration       |       |       |       |     1 ||     1
Armor: Skin              |     1 |     7 |    12 |     3 ||    23
Dodge: Dodged            |    31 |    91 |   177 |    29 ||   328
